 Dungeon Crawl Stone Soup version 0.16.0 (webtiles) character file.

12039 Sixotanaka the Grappler (level 11, -1/92 HPs)
             Began as a Troll Warper on Mar 21, 2015.
             Was an Elder of Cheibriados.
             Slain by a yak (9 damage)
             ... on level 1 of the Lair of Beasts.
             The game lasted 00:25:51 (9111 turns).

Sixotanaka the Grappler (Troll Warper)              Turns: 9111, Time: 00:25:52

Health: -1/92      AC:  8    Str: 31    XL:     11   Next: 57%
Magic:  18/18      EV: 10    Int: 19    God:    Cheibriados [****..]
Gold:   501        SH:  0    Dex: 22    Spells: 1 memorised, 11 levels left

rFire  + . .     SeeInvis .       - Unarmed
rCold  + . .     Clarity  .     b - +0 robe
rNeg   . . .     SustAb   .     (shield restricted)
rPois  .         Gourm    +     H - +2 hat
rElec  .         Spirit   .     J - +0 cloak
rCorr  .         Warding  .     (gloves unavailable)
rMut   .         Stasis   .     (boots unavailable)
MR     .....                    (no amulet)
Stlth  ++........               (no ring)
                                D - ring of protection from fire

@: lethally poisoned (-1 -> -2), very slow, not resistant to hostile
enchantments, unstealthy
A: unfitting armour, claws 3, cold resistance 1, fast metabolism 3, gourmand,
regeneration 2, shaggy fur 1, tough skin 2
a: Bend Time, Temporal Distortion, Slouch, Renounce Religion


You were on level 1 of the Lair of Beasts.
You worshipped Cheibriados.
Cheibriados was greatly pleased with you.
You were not hungry.

You visited 4 branches of the dungeon, and saw 14 of its levels.

You collected 501 gold pieces.


Innate Abilities, Weirdness & Mutations

You are too large for most types of armour.
You have claws for hands.
Your metabolism is lightning-fast.
You like to eat raw meat.
You heal very quickly.
You are covered in fur (AC +1).
You have very tough skin (AC +2).
Your flesh is cold resistant.


   Skills:
 - Level 1.5 Fighting
 - Level 0.8 Throwing
 - Level 0.7 Armour
 - Level 1.5 Dodging
 - Level 13.1 Unarmed Combat
 - Level 1.2 Spellcasting
 - Level 2.1 Translocations
 - Level 8.1 Invocations
 + Level 7.9 Evocations


You had 11 spell levels left.
You knew the following spells:

 Your Spells              Type           Power        Failure   Level  Hunger
e - Apportation           Tloc           #.........   10%         1    ##.....


Dungeon Overview and Level Annotations

Branches:
Dungeon (11/15)            Temple (1/1) D:4            Lair (1/8) D:8
    Orc (1/4) D:9

Altars:
Ashenzari
Cheibriados
Dithmenos
Elyvilon
Fedhas
Gozag
Kikubaaqudgha
Okawaru
Trog
Vehumet
Yredelemnul
Zin
The Shining One

Annotations:
D:10 10 exclusions
Orc:1 Snorg

Inventory:

Missiles
 e - 4 tomahawks of dispersal (quivered) {!f}
 u - 19 tomahawks
 M - a large rock
Armour
 b - a +0 robe (worn)
 H - a +2 hat (worn)
 J - a +0 cloak (worn)
Rods
 w - a +0 rod of ignition (11/11) {!a}
   (You found it on level 7 of the Dungeon)
Jewellery
 D - a ring of protection from fire (left claw)
Magical devices
 n - a wand of slowing (25)
 C - a wand of random effects (19)
 F - a wand of lightning (9)
 L - a wand of cold (11)
 R - a wand of polymorph (15)
Scrolls
 d - 5 scrolls of blinking
 f - a scroll of immolation {unknown}
 l - 3 scrolls of teleportation {@r4}
 m - 3 scrolls of random uselessness {unknown}
 s - 8 scrolls of remove curse {unknown}
 v - a scroll of amnesia {unknown}
 y - 4 scrolls of recharging
 B - a scroll of magic mapping {unknown}
 E - 2 scrolls of fog {unknown}
 I - a scroll of fear {unknown}
Potions
 h - 3 potions of heal wounds {@q2}
 i - a potion of cancellation
 p - a potion of mutation {unknown}
 q - a potion of flight
 r - 2 potions of haste {@q3}
 t - 2 potions of curing {@q1}
 z - a potion of invisibility {unknown}
 A - 2 potions of might
 G - a potion of lignification {unknown}
 K - a potion of poison {unknown}
Books
 c - a book of Spatial Translocations
 Q - a book of the Dragon
Comestibles
 a - 4 meat rations
 j - 7 fruits
 k - 5 slices of pizza
 o - 6 bread rations
 x - 4 beef jerkies
 O - 11 royal jellies

..............#
.♣...≈≈.......+
..
..≈≈≈≈≈......#
..
...≈≈≈≈......#
.#
..≈≈≈≈≈...####
.# ....≈≈...##
# ........♣.##
# .♣....♣...#
######
#...###@Y##
.....#
#.######YP###
.....#
#...........#
.....#
........†....#
......
#..........##
......
#..........#
.....#
+?.........#
.....
..........#
.... ..........


You could see 2 yaks.


Message History

The yak bellows!
Found a scroll of recharging.
A yak comes into view.
The spiny frog croaks.
The yak bellows!
The yak barely misses you.
You barely miss the yak. The yak gores you.
You claw the yak!!
The yak begins to bleed from its wounds!
The yak barely misses you.
You barely miss the yak. You mangle the yak!!!
You kill the yak!
Cheibriados appreciates the change of pace.
The spiny frog stings you!!
You are poisoned.
The spiny frog poisons you!
You closely miss the spiny frog. You claw the spiny frog!
You feel sick. The yak gores you. The spiny frog misses you.
You mangle the spiny frog!!!
You kill the spiny frog!
Cheibriados thoroughly appreciates the change of pace.
You feel sick. The yak closely misses you. The yak gores you!
You claw the yak!!
The yak begins to bleed from its wounds!
You feel sick. The quokka barely misses you.
The yak gores you but does no damage.
You feel sick. The yak gores you but does no damage. The quokka bites you.
You closely miss the yak. You claw the yak.
You feel sick.
The quokka bites you but does no damage.
The yak gores the fungus!
The yak barely misses you.
You barely miss the yak.
You feel sick.
The quokka bites you but does no damage.
The yak gores you!
* * * LOW HITPOINT WARNING * * *
The yak is no longer bleeding.
You are too injured to fight recklessly!
You are too injured to fight recklessly!
You barely miss the yak.
You feel sick. The yak gores you!
* * * LOW HITPOINT WARNING * * *
The quokka closely misses you.
You claw the yak!!
You kill the yak!
Cheibriados thoroughly appreciates the change of pace.
Cheibriados raises the support of your attributes as your movement slows.
You feel sick. The quokka bites you.
* * * LOW HITPOINT WARNING * * *
You mangle the quokka!!!
You kill the quokka!
Cheibriados thoroughly appreciates the change of pace.
You scratch the yak.
The yak begins to bleed from its wounds!
You feel sick.
You barely miss the yak.
You feel sick. The yak closely misses you.
You mangle the yak!!!
You kill the yak!
Cheibriados thoroughly appreciates the change of pace.
You claw the yak!!
The yak begins to bleed from its wounds!
You feel sick.
You barely miss the yak. You claw the yak!! The yak gores you!
* * * LOW HITPOINT WARNING * * *
You barely miss the yak.
You feel sick. The yak closely misses you.
Unknown command.
You barely miss the yak. The yak gores you but does no damage.
The yak closely misses you.
You closely miss the yak. You claw the yak, but do no damage.
You feel sick.
The yak is no longer bleeding.
The yak gores you.
* * * LOW HITPOINT WARNING * * *
The yak gores you!
You die...

Action                   |  1- 3 |  4- 6 |  7- 9 | 10-12 || total
-------------------------+-------+-------+-------+-------++-------
Melee: Unarmed           |    68 |   140 |   216 |   125 ||   549
Throw: Tomahawk          |       |       |       |    33 ||    33
       Large rock        |       |       |       |     3 ||     3
Invok: Slouch            |       |       |     1 |     9 ||    10
Evoke: Rod               |       |       |       |     2 ||     2
  Use: Scroll            |       |       |     6 |     4 ||    10
       Potion            |       |       |       |     4 ||     4
 Stab: Sleeping          |       |     1 |     8 |     1 ||    10
  Eat: Chunk             |    12 |    23 |    18 |    10 ||    63
       Beef jerky        |       |       |       |     1 ||     1

Vault maps used:
D:1:      minmay_arrival_checkered_box, solitary_fountain
D:2:      grunt_temple_overflow_open, amethyst_overflow_temple_binary,
          uniq_iyjb, uniq_terence
D:3:      first_bread, serial_forest, infiniplex_forest_end_1,
          infiniplex_forest_clump_diagonal, infiniplex_forest_straight_3,
          infiniplex_forest_clump_diagonal, infiniplex_forest_lined_room_2,
          infiniplex_forest_clump_large, solitary_fountain,
          evilmike_ruin_ashenzari
D:4:      minmay_temple_entry_enclosed_plants, st_stairs_9, trog_hazing_becter
D:5:      okawaru_ov_weapons_minmay, kennysheep_mini_moat, goddamned_bats
D:8:      erik_lair_boring, basic_altar
D:9:      orc_0_dummy, hangedman_pestilent_swarm
D:10:     lemuel_troll_bridge
D:11:     kennysheep_generic_room_8, uniq_erolcha
Temple:   oiseaux_autumnal_temple_12
Lair:1:   grunt_forest_small_clearings, lemuel_fruit_tree, lemuel_fruit_fields
Orc:1:    uniq_joseph, uniq_snorg

Notes
Turn   | Place    | Note
--------------------------------------------------------------
     0 | D:1      | Sixotanaka, the Troll Warper, began the quest for the Orb.
     0 | D:1      | Reached XP level 1. HP: 19/19 MP: 2/2
   130 | D:1      | Reached XP level 2. HP: 27/27 MP: 2/2
   320 | D:1      | Reached skill level 3 in Unarmed Combat
   750 | D:2      | Found a white marble altar of Elyvilon.
   752 | D:2      | Found a bloodstained altar of Trog.
   762 | D:2      | Found a radiant altar of Vehumet.
   847 | D:2      | Reached XP level 3. HP: 33/33 MP: 3/3
   854 | D:2      | Noticed Terence
   866 | D:2      | Killed Terence
   954 | D:2      | Noticed Ijyb
   962 | D:2      | Killed Ijyb
   962 | D:2      | Reached skill level 4 in Unarmed Combat
  1041 | D:2      | Found a shattered altar of Ashenzari.
  1048 | D:2      | Found a glowing golden altar of the Shining One.
  1208 | D:3      | Reached XP level 4. HP: 39/41 MP: 4/4
  1564 | D:3      | Found a shattered altar of Ashenzari.
  1592 | D:3      | Reached skill level 5 in Unarmed Combat
  1592 | D:3      | Reached XP level 5. HP: 21/48 MP: 4/4
  2234 | D:4      | Found a staircase to the Ecumenical Temple.
  2299 | Temple   | Entered the Ecumenical Temple
  2368 | Temple   | Became a worshipper of Cheibriados the Contemplative
  2454 | D:4      | Noticed an ogre
  2750 | D:4      | Reached skill level 6 in Unarmed Combat
  2886 | D:5      | Entered Level 5 of the Dungeon
  2887 | D:5      | Noticed a centaur
  2897 | D:5      | Killed a centaur
  2897 | D:5      | Fiveotanaka: jesus
  2897 | D:5      | Reached XP level 6. HP: 52/55 MP: 5/5
  2899 | D:5      | Sixotanaka: rofl
  2899 | D:5      | Fiveotanaka: rip
  2899 | D:5      | Sixotanaka: took 20 dmg
  2899 | D:5      | Sixotanaka: in one turn
  2899 | D:5      | Sixotanaka: i was on 70
  2899 | D:5      | Sixotanaka: was like yeah I'll quaf resistanced
  2899 | D:5      | Sixotanaka: and then take less dmg
  2899 | D:5      | Sixotanaka: and died
  2899 | D:5      | Fiveotanaka: cerebov ignores some rF+ no?
  2904 | D:5      | Acquired Cheibriados' first power
  2905 | D:5      | Sixotanaka: wasn't cerebov
  2905 | D:5      | Sixotanaka: was the other stuff
  2917 | D:5      | Reached skill level 7 in Unarmed Combat
  2922 | D:5      | Fiveotanaka: i thought you might have needed to tele again after the first
  2922 | D:5      | Sixotanaka: deciding to hit me for the first time in pan
  2922 | D:5      | Fiveotanaka: because that was right next to the vault
  2922 | D:5      | Sixotanaka: yeah i should have
  2922 | D:5      | Sixotanaka: you're right
  2922 | D:5      | Sixotanaka: i thought I could fight tho
  3100 | D:5      | Fiveotanaka: was talking to dad so didnt see
  3142 | D:5      | Sixotanaka: i derped rofl
  3147 | D:5      | Sixotanaka: gonna go get revenge tho
  3162 | D:5      | Found an iron altar of Okawaru.
  3301 | D:5      | Found an opulent altar of Gozag.
  3394 | D:5      | Reached XP level 7. HP: 62/62 MP: 5/5
  3465 | D:5      | Reached skill level 8 in Unarmed Combat
  3666 | D:5      | Acquired Cheibriados' second power
  3819 | D:6      | Sixotanaka: i really dont mind tho lol
  3829 | D:6      | Sixotanaka: anyway gonna leave
  3880 | D:6      | Fiveotanaka: alright
  3880 | D:6      | Fiveotanaka: cya soon :)
  3921 | D:6      | Reached skill level 9 in Unarmed Combat
  4218 | D:7      | Acquired Cheibriados' third power
  4288 | D:7      | Identified a +0 rod of ignition (11/11) (You found it on level 7 of the Dungeon)
  4346 | D:7      | Reached XP level 8. HP: 66/70 MP: 6/6
  4582 | D:7      | Reached skill level 10 in Unarmed Combat
  4793 | D:7      | Reached skill level 11 in Unarmed Combat
  4921 | D:8      | Reached XP level 9. HP: 76/76 MP: 7/7
  4935 | D:8      | Reached skill level 12 in Unarmed Combat
  5000 | D:8      | Found a glowing golden altar of the Shining One.
  5130 | D:8      | HP: 11/76 [goliath beetle (24)]
  5692 | D:8      | Found a staircase to the Lair.
  5954 | D:9      | Reached skill level 13 in Unarmed Combat
  5965 | D:9      | Found a staircase to the Orcish Mines.
  6048 | D:9      | Acquired Cheibriados' fourth power
  6122 | D:9      | Reached skill level 2 in Invocations
  6148 | D:9      | Reached skill level 3 in Invocations
  6269 | D:9      | Reached skill level 4 in Invocations
  6494 | D:10     | Entered Level 10 of the Dungeon
  6494 | D:10     | Noticed a cyclops
  6574 | D:10     | Killed a cyclops
  6574 | D:10     | Reached XP level 10. HP: 85/85 MP: 10/12
  6611 | D:10     | Reached skill level 5 in Invocations
  6730 | D:10     | Gained mutation: Your flesh is cold resistant. [potion of beneficial mutation]
  6761 | D:10     | Reached skill level 6 in Invocations
  7242 | D:11     | Noticed a hill giant
  7248 | D:11     | Killed a hill giant
  7248 | D:11     | Reached skill level 7 in Invocations
  7290 | D:11     | Noticed a hill giant
  7300 | D:11     | Killed a hill giant
  7355 | D:11     | Reached skill level 8 in Invocations
  7401 | D:11     | Noticed a hill giant
  7403 | D:11     | Reached skill level 1 in Evocations
  7404 | D:11     | Reached skill level 2 in Evocations
  7406 | D:11     | Killed a hill giant
  7406 | D:11     | Reached skill level 3 in Evocations
  7516 | D:11     | Noticed a five-headed hydra
  7526 | D:11     | Killed a five-headed hydra
  7526 | D:11     | Reached skill level 4 in Evocations
  7526 | D:11     | Reached XP level 11. HP: 25/92 MP: 4/18
  7609 | D:10     | HP: 21/92 [centaur/arrow (11)]
  7731 | D:11     | Noticed a hill giant
  7736 | D:11     | Killed a hill giant
  7736 | D:11     | Reached skill level 5 in Evocations
  7737 | D:11     | Killed an unseen horror
  7896 | D:11     | Noticed Erolcha
  7908 | D:11     | Reached skill level 6 in Evocations
  7911 | D:11     | Killed Erolcha
  7956 | D:11     | Noticed a manticore
  7965 | D:11     | Killed a manticore
  8317 | D:11     | Reached skill level 7 in Evocations
  8593 | Orc:1    | Entered Level 1 of the Orcish Mines
  8745 | Orc:1    | Noticed Snorg
  8963 | Lair:1   | Entered Level 1 of the Lair of Beasts
  9108 | Lair:1   | HP: 14/92 [yak (12)]
  9111 | Lair:1   | Slain by a yak

Vanquished Creatures
  A hydra (D:11)
  Erolcha (D:11)
  An unseen horror (D:11)
  4 hill giants (D:11)
  A cyclops (D:10)
  A manticore (D:11)
  A spiny frog (Lair:1)
  A troll (D:9)
  2 deep elf magi
  A wyvern (D:10)
  3 yaks (Lair:1)
  A water moccasin (D:7)
  A spider (D:9)
  2 necrophages (D:10)
  5 orc warriors
  A black bear (D:10)
  3 phantoms
  5 ice beasts
  3 ogres
  A sky beast (D:7)
  6 boring beetles
  8 centaurs
  8 giant frogs
  A water moccasin zombie (D:11)
  10 killer bees
  A scorpion (D:11)
  4 wights (D:10)
  A vampire bat (D:5)
  6 hounds
  2 giant frog zombies
  2 goliath beetles
  4 crimson imps
  11 orc wizards
  2 centaur zombies
  8 orc priests
  2 jellies
  3 centaur skeletons
  4 giant frog skeletons
  2 worker ants
  4 iguanas
  Ijyb (D:2)
  A hound zombie (D:6)
  Terence (D:2)
  11 gnolls
  6 adders
  2 shadow imps
  A giant mite (D:7)
  A worm (D:3)
  An adder skeleton (D:6)
  2 adder zombies
  52 orcs
  2 spectral bats (D:5)
  A bat simulacrum (D:5)
  4 bat skeletons (D:5)
  A bat zombie (D:5)
  3 fire bats (D:5)
  2 giant cockroaches (D:1)
  9 goblins
  12 hobgoblins
  11 jackals
  7 quokkas
  A ball python (D:3)
  23 bats
  2 giant geckos
  6 giant newts
  9 kobolds
  2 quokka skeletons
  12 rats
  A ballistomycete (D:8)
  A butterfly (Lair:1)
316 creatures vanquished.

Vanquished Creatures (others)
  A giant spore (D:8)
1 creature vanquished.

Grand Total: 317 creatures vanquished
